 Dungeon Crawl Stone Soup version 0.19-a0-1937-g70ed36a (webtiles) character file.

163 varam the Conjurer (level 5, -1/28 HPs)
             Began as a Deep Elf Conjurer on Oct 26, 2016.
             Killed by divine providence
             ... invoked by an orc priest
              (8 damage)
             ... on level 3 of the Dungeon.
             The game lasted 00:04:48 (2354 turns).

varam the Conjurer (Deep Elf Conjurer)              Turns: 2354, Time: 00:04:48

Health: -1/28      AC:  2    Str:  5    XL:     5   Next: 20%
Magic:  5/11       EV: 13    Int: 21    God:
Gold:   57         SH:  0    Dex: 15    Spells: 2 memorised, 7 levels left

rFire  . . .     SeeInvis .     (no weapon)
rCold  . . .     Gourm    .     a - +0 robe
rNeg   . . .     Faith    .     (no shield)
rPois  .         Spirit   .     (no helmet)
rElec  .         Reflect  .     (no cloak)
rCorr  .         Harm     .     (no gloves)
MR     .....                    (no boots)
Stlth  ++........               (no amulet)
                                (no ring)
                                (no ring)

@: no status effects
A: no striking features
a: no special abilities


You were on level 3 of the Dungeon.
You were not hungry.

You visited 1 branch of the dungeon, and saw 4 of its levels.

You collected 57 gold pieces.

Inventory:

Armour
 a - a +0 robe (worn)
Scrolls
 f - 2 scrolls of fear {unknown}
 g - 3 scrolls of identify {unknown}
 k - 2 scrolls of teleportation {unknown}
 m - a scroll of magic mapping {unknown}
Potions
 d - a potion of resistance {unknown}
 e - a potion of cancellation {unknown}
 h - a potion of beneficial mutation {unknown}
 j - a potion of curing {unknown}
 n - a potion of heal wounds {unknown}
 o - a potion of berserk rage {unknown}
Books
 b - a book of Conjurations

   Spells                             Type                      Level
   a - Magic Dart                     Conjuration                  1
   b - Searing Ray                    Conjuration                  2
   c - Dazzling Spray                 Conjuration/Hexes            3
   d - Fulminant Prism                Conjuration/Hexes            4
   e - Iskenderun's Mystic Blast      Conjuration                  4
   f - Iskenderun's Battlesphere      Conjuration/Charms           5
Comestibles
 c - a bread ration
 i - a meat ration
 l - a slice of pizza
 p - a chunk of flesh


   Skills:
 - Level 2.4 Dodging
 - Level 2.4 Stealth
 - Level 3.0 Spellcasting
 + Level 7.1 Conjurations


You had 7 spell levels left.
You knew the following spells:

 Your Spells              Type           Power        Failure   Level  Hunger
a - Magic Dart            Conj           ####         1%          1    None
b - Searing Ray           Conj           ####..       1%          2    ##.....


Dungeon Overview and Level Annotations

Branches:
Dungeon (4/15)
 Temple: D:4-7

Altars:
Cheibriados

Annotations:
D:4 Grinder; varam's ghost, novice DECj


Message History

There is a stone staircase leading up here.
You start resting.
Varam's ghost turns its malevolent gaze towards you.
You climb upwards.
There is a stone staircase leading down here.
You start resting.
Casting: Searing Ray
Confirm with . or Enter, or press ? or * to list all spells.
You don't know that spell.
Unknown command.
Casting: Searing Ray
Confirm with . or Enter, or press ? or * to list all spells.
Aiming: Searing Ray
Press: ? - help, Shift-Dir - straight line, f - orc priest
Aim: an orc priest, wielding a short sword The searing ray hits the orc priest.
The orc priest is moderately wounded.
The orc priest invokes the aid of Beogh against you.
Beogh smites you!
You die...

... .# . ..... .# #.#
..... .##..## ......
.##... ......#####
#....#
..........#####....##
.....!#.o...........#
##..@#.###..#.##.####
#...$.##.....#.........
...##..
##...##....).... ..
..#.###...##.........
##.......#....####..."
#.......####..###..).
#.......#####....(...
#..........oK........
#.......#########..(#


You could see an orc priest.

Vanquished Creatures
  A howler monkey (D:4)
  A worker ant (D:4)
  5 adders
  An ooze (D:3)
  2 worms (D:2)
  A dart slug (D:1)
  A leopard gecko (D:4)
  An orc (D:3)
  2 giant cockroaches (D:1)
  6 goblins
  5 hobgoblins
  7 kobolds
  2 quokkas
  6 bats
  8 rats
49 creatures vanquished.

Notes
Turn   | Place    | Note
-------+----------+-------------------------------------------
     0 | D:1      | varam the Deep Elf Conjurer began the quest for the Orb.
     0 | D:1      | Reached XP level 1. HP: 10/10 MP: 6/6
    94 | D:1      | Reached XP level 2. HP: 15/15 MP: 5/8
   298 | D:1      | Reached skill level 5 in Conjurations
   487 | D:1      | Reached XP level 3. HP: 19/19 MP: 5/9
   625 | D:1      | Learned a level 2 spell: Searing Ray
  1267 | D:2      | Found a snail-covered altar of Cheibriados.
  1613 | D:2      | Reached skill level 6 in Conjurations
  1706 | D:2      | Reached XP level 4. HP: 24/24 MP: 1/10
  2128 | D:4      | Noticed Grinder
  2245 | D:4      | Reached XP level 5. HP: 28/28 MP: 5/11
  2247 | D:4      | Noticed a phantom
  2308 | D:4      | Noticed varam's ghost (novice DECj)
  2318 | D:4      | Reached skill level 7 in Conjurations
  2354 | D:3      | Killed from afar by an orc priest

Vault maps used:
D:1:      mrwooster_arrival_statue, minmay_misc_feat_nine_boxes
D:2:      old_standard_altar
D:3:      lemuel_coloured_pillars_altar, first_bread, uniq_iyjb
D:4:      eino_tiny_chamber, uniq_grinder, uniq_duvessa, uniq_natasha,
          uniq_sigmund

Skill      XL: |  1  2  3  4  5 |
---------------+----------------+-----
Conjurations   | 5 6 7 |  7.1
Dodging        | |  2.4
Stealth        | |  2.4
Spellcasting   | |  3.0

Action                   |  1- 3 |  4- 6 || total
-------------------------+-------+-------++-------
Melee: Unarmed           |       |     3 ||     3
 Cast: Magic Dart        |    67 |    33 ||   100
       Searing Ray       |       |     4 ||     4
  Eat: Chunk             |     2 |     2 ||     4
Dodge: Dodged            |     4 |    16 ||    20
